 Dungeon Crawl Stone Soup version 0.21.1-1-g345015f (webtiles) character file.

8089 vatarom the Protected (level 11, -1/89 HPs)
             Began as a Gnoll Wanderer on Apr 3, 2018.
             Was a Believer of Nemelex Xobeh.
             Killed from afar by an orc wizard (10 damage)
             ... with a magic dart
             ... on level 10 of the Dungeon.
             The game lasted 00:25:30 (10944 turns).

vatarom the Protected (Gnoll Wanderer)             Turns: 10944, Time: 00:25:31

Health: -1/89      AC: 10    Str: 24    XL:     11   Next: 25%
Magic:  20/20      EV: 14    Int: 15    God:    Nemelex Xobeh [**....]
Gold:   577        SH:  0    Dex: 14    Spells: 14/22 levels left

rFire    + . .     SeeInvis .   N - +1 long sword (freeze)
rCold    . . .     Gourm    +   (no shield)
rNeg     + . .     Faith    .   r - +0 ring mail {rF+}
rPois    .         Spirit   .   w - +0 helmet
rElec    .         Reflect  .   m - scarf {repulsion}
rCorr    .         Harm     .   (no gloves)
MR       .....                  D - +1 pair of boots
Stlth    +++.......             n - amulet of the gourmand
HPRegen  0.24/turn              c - +6 ring of strength
MPRegen  0.17/turn              j - ring of positive energy

@: about to teleport, repel missiles
A: distributed training, fangs 1, strong nose
a: Renounce Religion


You were on level 10 of the Dungeon.
You worshipped Nemelex Xobeh.
Nemelex Xobeh was pleased with you.
You were full.

You visited 2 branches of the dungeon, and saw 11 of its levels.

You collected 577 gold pieces.

Inventory:

Hand Weapons
 I - a +0 dire flail of holy wrath
 N - a +1 long sword of freezing (weapon)
Missiles
 h - 11 silver javelins
 y - 3 javelins
 F - 2 tomahawks (quivered)
Armour
 m - a scarf of repulsion (worn)
 r - a +0 ring mail of fire resistance (worn)
 w - a +0 helmet (worn)
 D - a +1 pair of boots (worn)
Jewellery
 c - a +6 ring of strength (left hand)
 j - a ring of positive energy (right hand)
 n - an amulet of the gourmand (around neck)
 K - an uncursed ring of positive energy
Wands
 a - a wand of polymorph (11)
 b - a wand of iceblast (12)
 x - a wand of paralysis (10)
 A - a wand of acid (12)
 O - a wand of digging (9)
 Q - a wand of flame (45)
Scrolls
 e - a scroll of fog
 q - 3 scrolls of enchant armour
 t - 5 scrolls of identify
 H - a scroll of brand weapon {unknown}
 J - 2 scrolls of magic mapping
 L - 2 scrolls of remove curse
 P - a scroll of fear {unknown}
 R - a scroll of random uselessness {unknown}
Potions
 g - 2 potions of magic
 i - a potion of curing
 k - 3 potions of agility
 l - 2 potions of cancellation
 o - 2 potions of invisibility {unknown}
 p - 2 potions of degeneration
 s - a potion of brilliance
 u - a potion of resistance {unknown}
 z - 2 potions of lignification
Books
 v - a book of Minor Magic

   Spells                             Type                      Level
   a - Magic Dart                     Conjuration                  1
   b - Blink                          Translocation                2
   c - Call Imp                       Summoning                    2
   d - Slow                           Hexes                        2
   e - Conjure Flame                  Conjuration/Fire             3
   f - Mephitic Cloud                 Conjuration/Poison/Air       3
 M - a book of Frost

   Spells                             Type                      Level
   a - Freeze                         Ice                          1
   b - Throw Frost                    Conjuration/Ice              2
   c - Ozocubu's Armour               Charms/Ice                   3
   d - Throw Icicle                   Conjuration/Ice              4
   e - Summon Ice Beast               Ice/Summoning                4
Comestibles
 d - 13 rations


   Skills:
 + Level 9.0 Fighting
 + Level 6.0 Short Blades
 + Level 6.0 Long Blades
 + Level 6.0 Axes
 + Level 7.6 Maces & Flails
 + Level 6.0 Polearms
 + Level 6.0 Staves
 + Level 6.0 Slings
 + Level 6.0 Bows
 + Level 6.0 Crossbows
 + Level 6.0 Throwing
 + Level 9.0 Armour
 + Level 6.0 Dodging
 + Level 6.0 Stealth
 + Level 6.0 Shields
 + Level 6.0 Unarmed Combat
 + Level 6.0 Spellcasting
 + Level 5.0 Conjurations
 + Level 5.0 Hexes
 + Level 5.0 Charms
 + Level 5.0 Summonings
 + Level 5.0 Necromancy
 + Level 5.0 Translocations
 + Level 5.0 Transmutations
 + Level 5.0 Fire Magic
 + Level 5.0 Ice Magic
 + Level 5.0 Air Magic
 + Level 5.0 Earth Magic
 + Level 5.0 Poison Magic
 + Level 6.6 Invocations
 + Level 7.6 Evocations


You had 14 spell levels left.
You knew the following spells:

 Your Spells              Type           Power        Failure   Level  Hunger
a - Blink                 Tloc           N/A          4%          2    #......
b - Mephitic Cloud        Conj/Pois/Air  ###.....     9%          3    ##.....
c - Ozocubu's Armour      Chrm/Ice       ###.....     9%          3    ##.....


Dungeon Overview and Level Annotations

Branches:
Dungeon (10/15)            Temple (1/1) D:6            Lair (0/6) D:10
    Orc (0/2) D:9

Altars:
Ashenzari
Cheibriados
Dithmenos
Elyvilon
Fedhas
Gozag
Hepliaklqana
Kikubaaqudgha
Makhleb
Nemelex Xobeh
Okawaru
Qazlal
Ru
Sif Muna
Trog
Uskayaw
Vehumet
Wu Jian
Xom
Yredelemnul
Zin
The Shining One
Beogh

Shops:
D:7 ?=*%


Innate Abilities, Weirdness & Mutations

Your experience applies equally to all skills.
You have very sharp teeth.
Your uncanny sense of smell can sniff out nearby items.


Message History

As you read the scroll of teleportation, it crumbles to dust.
You feel strangely unstable.
The orc wizard gestures at you while chanting.
The magic dart hits you!
* * * LOW HITPOINT WARNING * * *
The orc hits you with a vampiric dagger.
* * * LOW HITPOINT WARNING * * *
You hear some strange, mumbled words.
A magic dart appears from out of thin air!
The magic dart hits you!
* * * LOW HITPOINT WARNING * * *
The orc wizard barely misses you.
You feel better.
The orc wizard gestures wildly while chanting.
The orc wizard blinks!
The orc barely misses you.
You hear some strange, mumbled words.
A magic dart appears from out of thin air!
The magic dart hits you!
You die...
Your body disappears without a glow.

.
#.........
#........#
#........#
#........#
#........#
#........#
#..ยง.....#
#..@.....#
#.o......#
#........#
#H.......#
#........#
#......o.#
#........#
#........#
#........#


You could see a hippogriff, an orc wizard and an orc.

Vanquished Creatures
  Fannar (D:10)
  3 two-headed ogres
  An oklob plant (D:10)
  A troll (D:9)
  A wraith (D:8)
  3 yaks (D:9)
  Eustachio (D:5)
  A wyvern (D:9)
  2 ice beasts
  3 sky beasts
  2 orc warriors (D:9)
  A black bear (D:5)
  2 ogres (D:5)
  4 centaurs
  6 bullfrogs
  2 wyvern skeletons
  2 scorpions
  4 killer bees (D:8)
  9 wights
  A howler monkey (D:5)
  A crimson imp (D:6)
  2 orc priests
  A jelly (D:8)
  4 bullfrog skeletons
  2 centaur zombies
  3 hounds
  9 orc wizards
  2 centaur skeletons
  6 iguanas
  4 worker ants
  A killer bee zombie (D:8)
  A hound zombie (D:6)
  A hound skeleton (D:10)
  A howler monkey zombie (D:9)
  A worker ant zombie (D:5)
  A howler monkey skeleton (D:5)
  9 adders
  A shadow imp (D:5)
  An ooze (D:3)
  An adder zombie (D:8)
  An adder skeleton (D:5)
  3 worms
  2 dart slugs
  8 leopard geckos
  29 orcs
  3 bats
  4 giant cockroaches
  7 goblins
  8 hobgoblins
  6 jackals
  8 kobolds
  2 quokkas
  2 ball pythons
  4 frilled lizards
  A leopard gecko skeleton (D:4)
  5 rats
195 creatures vanquished.

Vanquished Creatures (collateral kills)
  2 yaks (D:9)
  2 orc warriors (D:9)
  A necrophage (D:9)
  An ogre (D:9)
  A killer bee (D:8)
  A howler monkey (D:7)
  3 orc priests
  2 hounds
  2 orc wizards (D:9)
  A shadow imp (D:9)
  17 orcs
33 creatures vanquished.

Vanquished Creatures (others)
  A plant (D:10)
1 creature vanquished.

Grand Total: 229 creatures vanquished

Notes
Turn   | Place    | Note
-------+----------+-------------------------------------------
     0 | D:1      | vatarom the Gnoll Wanderer began the quest for the Orb.
     0 | D:1      | vatarom set off with: a +2 mace, a potion of lignification, a +0 ring mail, a ration
     0 | D:1      | Reached XP level 1. HP: 23/23 MP: 3/3
   141 | D:1      | Reached XP level 2. HP: 29/29 MP: 5/5
   846 | D:2      | Reached XP level 3. HP: 35/35 MP: 6/6
   864 | D:2      | Reached skill level 1 in Invocations
   930 | D:2      | Reached skill level 1 in Short Blades
   930 | D:2      | Reached skill level 1 in Long Blades
   930 | D:2      | Reached skill level 1 in Axes
   930 | D:2      | Reached skill level 1 in Polearms
   930 | D:2      | Reached skill level 1 in Staves
   930 | D:2      | Reached skill level 1 in Slings
   930 | D:2      | Reached skill level 1 in Bows
   930 | D:2      | Reached skill level 1 in Crossbows
   930 | D:2      | Reached skill level 1 in Throwing
   930 | D:2      | Reached skill level 1 in Dodging
   930 | D:2      | Reached skill level 1 in Stealth
   930 | D:2      | Reached skill level 1 in Shields
   930 | D:2      | Reached skill level 1 in Unarmed Combat
   930 | D:2      | Reached skill level 1 in Spellcasting
   978 | D:2      | Reached XP level 4. HP: 30/41 MP: 7/7
  1455 | D:3      | Reached skill level 1 in Conjurations
  1455 | D:3      | Reached skill level 1 in Hexes
  1455 | D:3      | Reached skill level 1 in Charms
  1455 | D:3      | Reached skill level 1 in Summonings
  1455 | D:3      | Reached skill level 1 in Necromancy
  1455 | D:3      | Reached skill level 1 in Translocations
  1455 | D:3      | Reached skill level 1 in Transmutations
  1455 | D:3      | Reached skill level 1 in Fire Magic
  1455 | D:3      | Reached skill level 1 in Ice Magic
  1455 | D:3      | Reached skill level 1 in Air Magic
  1455 | D:3      | Reached skill level 1 in Earth Magic
  1455 | D:3      | Reached skill level 1 in Poison Magic
  1519 | D:3      | Reached XP level 5. HP: 41/47 MP: 8/8
  2419 | D:4      | Reached XP level 6. HP: 27/53 MP: 9/9
  2785 | D:4      | Reached skill level 5 in Maces & Flails
  2785 | D:4      | Reached skill level 5 in Evocations
  3164 | D:4      | Reached XP level 7. HP: 53/59 MP: 10/10
  3715 | D:5      | Entered Level 5 of the Dungeon
  3715 | D:5      | Noticed Eustachio
  3727 | D:5      | Killed Eustachio
  3835 | D:5      | Found an opulent altar of Gozag.
  4131 | D:5      | Learned a level 2 spell: Blink
  4301 | D:5      | Reached XP level 8. HP: 57/67 MP: 12/12
  4431 | D:5      | Found a hazy altar of Hepliaklqana.
  5718 | D:6      | Found a staircase to the Ecumenical Temple.
  5728 | Temple   | Entered the Ecumenical Temple
  5894 | D:6      | Reached XP level 9. HP: 61/72 MP: 14/14
  6762 | D:7      | Found a sparkling altar of Nemelex Xobeh.
  6774 | D:7      | Became a worshipper of Nemelex Xobeh the Trickster
  6782 | D:7      | Received a gift from Nemelex Xobeh
  6968 | D:7      | Found a stormy altar of Qazlal.
  7026 | D:7      | Found a deep blue altar of Sif Muna.
  7112 | D:7      | Found Kysiedgh's Food Shoppe.
  7183 | D:7      | Found Toishrai's Jewellery Boutique.
  7385 | D:7      | Found a bloodstained altar of Trog.
  7385 | D:7      | Found a basalt altar of Yredelemnul.
  7387 | D:7      | Found an ancient bone altar of Kikubaaqudgha.
  7428 | D:7      | Reached * piety under Nemelex Xobeh
  7450 | D:7      | Found Kaozoas's Magic Scroll Emporium.
  7565 | D:7      | Found Saujett's General Store.
  7650 | D:7      | Received a gift from Nemelex Xobeh
  7936 | D:8      | Noticed a two-headed ogre
  7957 | D:8      | Killed a two-headed ogre
  7957 | D:8      | Reached skill level 5 in Invocations
  7974 | D:8      | Reached XP level 10. HP: 47/80 MP: 15/17
  8245 | D:8      | Got a distressingly furry leather armour
  8256 | D:8      | Identified the +1 leather armour of Uraoc {rC+ rCorr Dex+3} (You found it on level 8 of the Dungeon)
  8339 | D:8      | Learned a level 3 spell: Mephitic Cloud
  8751 | D:8      | Found a glowing golden altar of the Shining One.
  8753 | D:8      | Found an opulent altar of Gozag.
  8833 | D:9      | Found a sparkling altar of Nemelex Xobeh.
  8841 | D:9      | Learned a level 3 spell: Ozocubu's Armour
  8879 | D:9      | Reached skill level 5 in Short Blades
  8879 | D:9      | Reached skill level 5 in Long Blades
  8879 | D:9      | Reached skill level 5 in Axes
  8879 | D:9      | Reached skill level 5 in Polearms
  8879 | D:9      | Reached skill level 5 in Staves
  8879 | D:9      | Reached skill level 5 in Slings
  8879 | D:9      | Reached skill level 5 in Bows
  8879 | D:9      | Reached skill level 5 in Crossbows
  8879 | D:9      | Reached skill level 5 in Throwing
  8879 | D:9      | Reached skill level 5 in Dodging
  8879 | D:9      | Reached skill level 5 in Stealth
  8879 | D:9      | Reached skill level 5 in Shields
  8879 | D:9      | Reached skill level 5 in Unarmed Combat
  8879 | D:9      | Reached skill level 5 in Spellcasting
  9171 | D:9      | Found a roughly hewn altar of Beogh.
  9171 | D:9      | Found a staircase to the Orcish Mines.
  9240 | D:9      | Found a hide-covered altar of Uskayaw.
  9452 | D:9      | Got a jewelled mace
  9453 | D:9      | Identified the +6 mace "Feetuuck" {venom, +Rage Dex+2} (You found it on level 9 of the Dungeon)
  9620 | D:10     | Entered Level 10 of the Dungeon
  9716 | D:10     | Reached ** piety under Nemelex Xobeh
  9729 | D:10     | Paralysed by a centaur for 3 turns
  9736 | D:10     | Paralysed by a centaur for 4 turns
 10032 | D:10     | Noticed a five-headed hydra
 10041 | D:10     | a five-headed hydra changed into something unseen
 10055 | D:10     | HP: 4/82 [something (10)]
 10172 | D:10     | Noticed a two-headed ogre
 10182 | D:10     | Noticed Fannar
 10184 | D:10     | Killed a two-headed ogre
 10185 | D:10     | HP: 4/82 [Fannar/Ozocubu's Refrigeration (20)]
 10195 | D:10     | HP: 2/82 [Fannar/Ozocubu's Refrigeration (19)]
 10646 | D:10     | Killed Fannar
 10646 | D:10     | Reached XP level 11. HP: 54/87 MP: 19/19
 10762 | D:10     | Found a staircase to the Lair.
 10762 | D:10     | Noticed an oklob plant
 10778 | D:10     | Noticed a two-headed ogre
 10790 | D:10     | Killed a two-headed ogre
 10925 | D:10     | Killed an oklob plant
 10925 | D:10     | Reached skill level 5 in Conjurations
 10925 | D:10     | Reached skill level 5 in Hexes
 10925 | D:10     | Reached skill level 5 in Charms
 10925 | D:10     | Reached skill level 5 in Summonings
 10925 | D:10     | Reached skill level 5 in Necromancy
 10925 | D:10     | Reached skill level 5 in Translocations
 10925 | D:10     | Reached skill level 5 in Transmutations
 10925 | D:10     | Reached skill level 5 in Fire Magic
 10925 | D:10     | Reached skill level 5 in Ice Magic
 10925 | D:10     | Reached skill level 5 in Air Magic
 10925 | D:10     | Reached skill level 5 in Earth Magic
 10925 | D:10     | Reached skill level 5 in Poison Magic
 10943 | D:10     | HP: 4/89 [something/magic dart (2)]
 10944 | D:10     | Killed from afar by an orc wizard

Skill      XL: |  1  2  3  4  5  6  7  8  9 10 11 |
---------------+----------------------------------+-----
Invocations    | 1 2 3 4 5 6 |  6.6
Short Blades   | 1 2 3 4 5 6 |  6.0
Long Blades    | 1 2 3 4 5 6 |  6.0
Axes           | 1 2 3 4 5 6 |  6.0
Polearms       | 1 2 3 4 5 6 |  6.0
Staves         | 1 2 3 4 5 6 |  6.0
Slings         | 1 2 3 4 5 6 |  6.0
Bows           | 1 2 3 4 5 6 |  6.0
Crossbows      | 1 2 3 4 5 6 |  6.0
Throwing       | 1 2 3 4 5 6 |  6.0
Dodging        | 1 2 3 4 5 6 |  6.0
Stealth        | 1 2 3 4 5 6 |  6.0
Shields        | 1 2 3 4 5 6 |  6.0
Unarmed Combat | 1 2 3 4 5 6 |  6.0
Spellcasting   | 1 2 3 4 5 6 |  6.0
Conjurations   | 1 2 3 4 5 |  5.0
Hexes          | 1 2 3 4 5 |  5.0
Charms         | 1 2 3 4 5 |  5.0
Summonings     | 1 2 3 4 5 |  5.0
Necromancy     | 1 2 3 4 5 |  5.0
Translocations | 1 2 3 4 5 |  5.0
Transmutations | 1 2 3 4 5 |  5.0
Fire Magic     | 1 2 3 4 5 |  5.0
Ice Magic      | 1 2 3 4 5 |  5.0
Air Magic      | 1 2 3 4 5 |  5.0
Earth Magic    | 1 2 3 4 5 |  5.0
Poison Magic   | 1 2 3 4 5 |  5.0
Maces & Flails | 5 6 7 |  7.6
Evocations     | 5 6 7 |  7.6
Fighting       | 7 8 9 |  9.0
Armour         | 7 8 9 |  9.0

Action                   |  1- 3 |  4- 6 |  7- 9 | 10-12 || total
-------------------------+-------+-------+-------+-------++-------
Melee: Mace              |    56 |   218 |   118 |       ||   392
       Bite              |     2 |    17 |    42 |    38 ||    99
       Punch             |       |     1 |     8 |     8 ||    17
       Long sword        |       |       |   181 |   180 ||   361
Throw: Javelin           |       |       |     4 |     6 ||    10
       Tomahawk          |       |       |       |    12 ||    12
 Cast: Blink             |       |       |       |     1 ||     1
Evoke: Wand              |       |       |     8 |     6 ||    14
       Deck              |       |       |     3 |    12 ||    15
  Use: Scroll            |       |    11 |     3 |     6 ||    20
       Potion            |       |     4 |     2 |     5 ||    11
 Stab: Sleeping          |     1 |     3 |     5 |     1 ||    10
       Distracted        |       |       |       |     1 ||     1
  Eat: Chunk             |       |    12 |    15 |     8 ||    35
       Ration            |       |     1 |       |       ||     1
Armor: Ring mail         |    26 |    99 |   114 |    79 ||   318
       Skin              |       |    76 |    11 |       ||    87
Dodge: Dodged            |    24 |   140 |   226 |   139 ||   529
       Deflected         |     1 |     4 |     2 |     5 ||    12
       Rpst.: Long sword |       |       |    38 |    42 ||    80
